 Dungeon Crawl Stone Soup version 0.21-a0-632-g1e37ce5 (webtiles) character file.

3840 Gorice the Basher (level 9, -4/65 HPs)
             Began as a Demonspawn Wanderer on Dec 27, 2017.
             Was a Follower of Qazlal.
             Slain by a queen bee (12 damage)
             ... on level 9 of the Dungeon.
             The game lasted 00:41:05 (12998 turns).

Gorice the Basher (Demonspawn Wanderer)            Turns: 12998, Time: 00:41:06

Health: -4/65      AC: 22    Str: 14    XL:     9   Next: 98%
Magic:  9/9        EV:  4    Int: 15    God:    Qazlal [*.....]
Gold:   541        SH:  2    Dex: 13    Spells: 8/8 levels left

rFire    . . .     SeeInvis +   a - +0 flail
rCold    + . .     Gourm    .   (no shield)
rNeg     . . .     Faith    .   q - +0 plate armour
rPois    .         Spirit   .   l - +2 helmet
rElec    .         Reflect  .   M - +0 cloak
rCorr    .         Harm     .   (no gloves)
MR       .....                  N - +0 pair of boots
Stlth    ..........             g - amulet of magic regeneration
HPRegen  0.20/turn              i - ring of see invisible
MPRegen  0.36/turn              C - ring of protection from cold

@: hasted, very quick
A: hooves 1, molten scales 2, foul stench 1, rot immunity
a: Renounce Religion


You were on level 9 of the Dungeon.
You worshipped Qazlal.
Qazlal was aware of your devotion.
You were near starving.

You visited 2 branches of the dungeon, and saw 10 of its levels.

You collected 611 gold pieces.
You spent 70 gold pieces at shops.

Inventory:

Hand Weapons
 a - a +0 flail (weapon)
 e - a +0 dagger
 B - a +0 blowgun
 J - the +1 dagger "Yworicw" {pierce, rElec MR- Str+7 Int+7}
   (You found it on level 8 of the Dungeon)

   It inflicts extra damage upon your enemies.
   It affects your strength (+7).
   It affects your intelligence (+7).
   It insulates you from electricity.
   It affects your resistance to hostile enchantments.
Missiles
 c - 3 silver javelins
 z - 3 javelins of returning
 D - 21 poisoned needles
 F - 6 tomahawks (quivered)
 Y - 207 stones
Armour
 l - a +2 helmet (worn)
 q - a +0 plate armour (worn)
 M - a +0 cloak (worn)
 N - a +0 pair of boots (worn)
Jewellery
 g - an amulet of magic regeneration (around neck)
 i - a ring of see invisible (left hand)
 r - an uncursed ring of wizardry
 s - an uncursed ring of wizardry
 A - a +2 ring of intelligence
 C - a ring of protection from cold (right hand)
 O - a +3 ring of dexterity {unknown}
Wands
 h - a wand of disintegration (2)
 H - a wand of digging (14)
 K - a wand of enslavement (10)
Scrolls
 m - a scroll of remove curse
 p - 3 scrolls of blinking
 t - a scroll of identify
 E - 3 scrolls of enchant armour
 I - 4 scrolls of magic mapping {!r}
 L - a scroll of teleportation {!r}
 P - a scroll of enchant weapon {unknown}
Potions
 d - a potion of might {!q}
 j - a potion of ambrosia
 k - 2 potions of cancellation {!q}
 n - a potion of berserk rage
 o - 2 potions of haste {!q}
 u - 2 potions of brilliance {!q}
 v - 2 potions of mutation {!q}
 x - 2 potions of magic {!q}
 G - 3 potions of curing
Books
 b - the Volume of the Crushed Wonders

   Spells                             Type                      Level
   a - Summon Small Mammal            Summoning                    1
   b - Summon Guardian Golem          Hexes/Summoning              3
 w - a book of Cantrips
 y - a book of Minor Magic
Comestibles
 f - 16 rations


   Skills:
 - Level 4.0 Fighting
 * Level 10.1 Maces & Flails
 + Level 7.3 Armour
 - Level 1.7 Stealth
   Level 2.0 Conjurations
   Level 1.0 Hexes
   Level 2.6 Charms
   Level 1.7 Transmutations


You had 8 spell levels left.
You didn't know any spells.

Dungeon Overview and Level Annotations

Branches:
Dungeon (9/15)             Temple (1/1) D:6
   Lair: D:8-11         Orc: D:9-12

Altars:
Ashenzari
Cheibriados
Dithmenos
Elyvilon
Fedhas
Gozag
Hepliaklqana
Kikubaaqudgha
Makhleb
Nemelex Xobeh
Okawaru
Qazlal
Ru
Sif Muna
Trog
Uskayaw
Vehumet
Wu Jian
Xom
Yredelemnul
Zin
The Shining One

Shops:
D:5 *   D:8 *

Annotations:
D:8 vpUX: statues, exclusions: ice statue and obsidian statue


Innate Abilities, Weirdness & Mutations

You have large cloven feet.
You are mostly covered in molten scales. (AC +3)
You may emit foul miasma when damaged in melee.
You are immune to rotting.


Message History

You sock the queen bee!
The queen bee is moderately wounded.
The killer bee stings you but does no damage.
The killer bee stings you.
Damage: 1 (max 3)
You sock the queen bee!
The queen bee is heavily wounded.
The killer bee stings you but does no damage.
The queen bee stings you but does no damage.
Your plate armour prevents you from hitting the queen bee.
The queen bee is heavily wounded.
The killer bee barely misses you. The killer bee completely misses you.
You hit the queen bee but do no damage.
The queen bee is heavily wounded.
The killer bee stings you!
* * * LOW HITPOINT WARNING * * *
You are poisoned.
The killer bee poisons you! The queen bee stings you.
* * * LOW HITPOINT WARNING * * *
The queen bee looks sick.
The killer bee stings you but does no damage.
Damage: 18 (max 18)
You sock the killer bee!
The killer bee is heavily wounded.
You feel sick.
The killer bee stings you but does no damage.
Damage: 1 (max 18)
You hit the killer bee but do no damage.
The killer bee is heavily wounded.
The killer bee stings you but does no damage.
The killer bee completely misses you. The queen bee stings you.
* * * LOW HITPOINT WARNING * * *
Damage: 2 (max 18) Unknown command.
You closely miss the killer bee.
The killer bee is heavily wounded.
The killer bee stings you but does no damage.
The killer bee stings you.
* * * LOW HITPOINT WARNING * * *
The queen bee stings you but does no damage.
Damage: 4 (max 18)
You miss the killer bee.
The killer bee is heavily wounded.
You feel sick. The killer bee barely misses you.
The killer bee stings you but does no damage.
Damage: 1 (max 18)
You feel better. The killer bee stings you!
* * * LOW HITPOINT WARNING * * *
The queen bee stings you!
You die...

#......># ##+#######
#......=####.........
#.......##.'.........
#.....(.##.#.........
##....(.)#..#.........
........)())(..........
###.......####.........
#.......# ##y######
#.......# #@# #..###### #y#
####......######†###########
...............+...........
#........####.............
#..<........#.............
#........##.'.....<.......
#........####.............
##....÷...####.............


You could see a queen bee and a killer bee (berserk).

Vanquished Creatures
  A hippogriff (D:7)
  A hornet (D:7)
  Grum (D:8)
  Menkaure (D:5)
  A water moccasin (D:6)
  Duvessa (D:7)
  An orc warrior (D:8)
  A sky beast (D:7)
  A necrophage (D:8)
  2 ogres (D:8)
  The ghost of teukkam the Sneak, an amateur GnWn (D:3)
  4 centaurs
  4 wolves
  A phantom (D:7)
  A big kobold (D:7)
  A bullfrog (D:7)
  A gnoll sergeant (D:7)
  2 scorpions
  Dowan (D:7)
  5 killer bees (D:9)
  3 bullfrog zombies
  2 hounds
  4 orc wizards
  3 orc priests
  A jelly (D:5)
  Crazy Yiuf (D:6)
  A bullfrog skeleton (D:5)
  Ijyb (D:5)
  Jessica (D:3)
  An iguana (D:5)
  Terence (D:2)
  Natasha (thrice) (D:3)
  8 worker ants
  A worker ant zombie (D:8)
  Robin (D:2)
  16 gnolls
  6 adders
  3 shadow imps (D:6)
  An ooze (D:4)
  An adder zombie (D:8)
  An adder skeleton (D:7)
  2 worms
  6 leopard geckos
  18 orcs
  8 giant cockroaches
  15 goblins
  6 hobgoblins
  2 jackals (D:7)
  5 quokkas
  6 bats
  6 frilled lizards
  A jackal skeleton (D:6)
  9 kobolds
  A quokka skeleton (D:6)
  A quokka zombie (D:6)
  4 rats (D:1)
182 creatures vanquished.

Notes
Turn   | Place    | Note
-------+----------+-------------------------------------------
     0 | D:1      | Gorice the Demonspawn Wanderer began the quest for the Orb.
     0 | D:1      | Gorice set off with: a book of Minor Magic, the Volume of the Crushed Wonders, a potion of lignification {!q}, a +0 robe, a +0 dagger, a ration
     0 | D:1      | Reached XP level 1. HP: 13/13 MP: 1/1
     0 | D:1      | Identified the Volume of the Crushed Wonders
   249 | D:1      | Reached skill level 1 in Fighting
   386 | D:1      | HP: 4/15 [leopard gecko (1)]
   634 | D:1      | Gained mutation: You are immune to rotting. [demonic ancestry]
   634 | D:1      | Reached XP level 2. HP: 22/22 MP: 2/2
   819 | D:1      | Reached skill level 2 in Fighting
  1255 | D:1      | HP: 6/22 [kobold/short sword (6)]
  1527 | D:1      | HP: 6/22 [hobgoblin (2)]
  2073 | D:2      | Reached XP level 3. HP: 16/28 MP: 3/3
  2091 | D:2      | HP: 8/28 [poisoned by an adder]
  2099 | D:2      | HP: 7/28 [poisoned by an adder]
  2313 | D:2      | Noticed Terence
  2365 | D:2      | Killed Terence
  2365 | D:2      | Reached skill level 3 in Fighting
  2515 | D:2      | Gained mutation: You are partially covered in molten scales. (AC +2) [demonic ancestry]
  2515 | D:2      | Reached XP level 4. HP: 36/36 MP: 4/4
  2519 | D:2      | Noticed Robin
  2578 | D:2      | Killed Robin
  2652 | D:2      | Found a basalt altar of Yredelemnul.
  2657 | D:2      | Found a shadowy altar of Dithmenos.
  2690 | D:2      | Reached skill level 1 in Armour
  2911 | D:1      | Reached skill level 4 in Fighting
  3235 | D:2      | Reached skill level 1 in Maces & Flails
  3235 | D:2      | Reached XP level 5. HP: 40/42 MP: 5/5
  3532 | D:3      | Noticed teukkam's ghost (amateur GnWn)
  3564 | D:3      | Killed teukkam's ghost
  3564 | D:3      | Reached skill level 2 in Maces & Flails
  3564 | D:3      | Reached skill level 2 in Armour
  3717 | D:3      | Noticed Natasha
  3735 | D:3      | HP: 12/42 [Natasha (6)]
  3736 | D:3      | Killed Natasha
  3740 | D:3      | Noticed Jessica
  3745 | D:3      | HP: 7/42 [Jessica/nerve-wracking pain (7)]
  4030 | D:3      | Noticed Natasha
  4275 | D:3      | Killed Natasha
  4275 | D:3      | Reached XP level 6. HP: 36/48 MP: 6/6
  4324 | D:3      | Killed Jessica
  4425 | D:3      | Noticed Natasha
  4435 | D:3      | HP: 12/48 [shadow imp/nerve-wracking pain[Natasha] (13)]
  4438 | D:3      | Killed Natasha
  4438 | D:3      | Reached skill level 3 in Maces & Flails
  5092 | D:3      | HP: 14/48 [gnoll/club (2)]
  5630 | D:4      | Reached skill level 3 in Armour
  5814 | D:4      | Found a shattered altar of Ashenzari.
  6048 | D:5      | Entered Level 5 of the Dungeon
  6075 | D:4      | Reached skill level 4 in Maces & Flails
  6177 | D:4      | Gained mutation: You have large cloven feet. [demonic ancestry]
  6177 | D:4      | Reached XP level 7. HP: 50/54 MP: 7/7
  6519 | D:5      | Reached skill level 5 in Maces & Flails
  6671 | D:5      | Noticed Ijyb
  6688 | D:5      | Killed Ijyb
  6715 | D:5      | Reached skill level 4 in Armour
  6811 | D:5      | Noticed Menkaure
  6819 | D:5      | Killed Menkaure
  7108 | D:5      | Gained mutation: You may emit foul miasma when damaged in melee. [demonic ancestry]
  7108 | D:5      | Reached XP level 8. HP: 60/60 MP: 8/8
  7132 | D:5      | Found Jeobyijalu's General Store.
  7141 | D:5      | Bought a scroll of identify for 28 gold pieces
  7141 | D:5      | Bought a potion of curing for 42 gold pieces
  7347 | D:5      | Reached skill level 6 in Maces & Flails
  7562 | D:6      | Found a staircase to the Ecumenical Temple.
  7838 | Temple   | Entered the Ecumenical Temple
  8050 | Temple   | Became a worshipper of Qazlal Stormbringer
  8575 | D:6      | Found a hide-covered altar of Uskayaw.
  9335 | D:6      | Found a runed door.
  9339 | D:6      | Noticed Crazy Yiuf
  9344 | D:6      | Killed Crazy Yiuf
  9344 | D:6      | Reached skill level 5 in Armour
  9644 | D:7      | Noticed Dowan
  9765 | D:7      | Reached skill level 7 in Maces & Flails
  9770 | D:7      | Noticed a hornet
  9778 | D:7      | HP: 24/90 [hornet (10)]
  9779 | D:7      | Killed a hornet
  9784 | D:7      | HP: 21/90 [poisoned by a hornet]
  9790 | D:7      | HP: 21/90 [poisoned by a hornet]
  9798 | D:7      | HP: 21/90 [poisoned by a hornet]
 10447 | D:7      | Noticed a hippogriff
 10456 | D:7      | Reached skill level 8 in Maces & Flails
 10456 | D:7      | Gained mutation: You are mostly covered in molten scales. (AC +3) [demonic ancestry]
 10456 | D:7      | Reached XP level 9. HP: 58/65 MP: 9/9
 10483 | D:7      | Reached skill level 6 in Armour
 10719 | D:7      | Killed Dowan
 10733 | D:7      | Found a sacrificial altar of Ru.
 11042 | D:7      | Noticed Duvessa
 11188 | D:7      | Killed Duvessa
 11306 | D:8      | Reached * piety under Qazlal
 11306 | D:8      | Reached skill level 9 in Maces & Flails
 11349 | D:8      | Found a deep blue altar of Sif Muna.
 11501 | D:8      | Found Voshrov's General Store.
 11529 | D:8      | Noticed an ice statue
 11539 | D:8      | Found an ornate altar of the Wu Jian Council.
 11694 | D:8      | HP: 15/65 [ogre/giant club (9)]
 11703 | D:8      | HP: 10/65 [wolf[Grum] (7)]
 11716 | D:8      | Noticed Grum
 11728 | D:8      | HP: 15/65 [wolf[Grum] (5)]
 11734 | D:7      | HP: 12/65 [wolf[Grum] (2)]
 11736 | D:7      | Reached skill level 7 in Armour
 12009 | D:8      | HP: 12/65 [Grum/spear (14)]
 12009 | D:8      | HP: 5/65 [Grum/spear (7)]
 12011 | D:8      | Killed Grum
 12291 | D:8      | Noticed an obsidian statue
 12395 | D:8      | Got an ancient dagger
 12503 | D:9      | Identified the cursed +1 dagger "Yworicw" {pierce, rElec MR- Str+7 Int+7} (You found it on level 8 of the Dungeon)
 12727 | D:9      | Reached skill level 10 in Maces & Flails
 12779 | D:9      | HP: 19/65 [poisoned by a killer bee]
 12785 | D:9      | HP: 19/65 [poisoned by a killer bee]
 12793 | D:9      | HP: 18/65 [poisoned by a killer bee]
 12826 | D:9      | HP: 29/97 [poisoned by a killer bee]
 12832 | D:9      | HP: 24/97 [poisoned by a killer bee]
 12837 | D:9      | HP: 24/97 [poisoned by a killer bee]
 12844 | D:9      | HP: 23/97 [poisoned by a killer bee]
 12852 | D:9      | HP: 24/97 [poisoned by a killer bee]
 12985 | D:9      | Noticed a queen bee
 12993 | D:9      | HP: 16/65 [queen bee (6)]
 12998 | D:9      | HP: 8/65 [killer bee (8)]
 12998 | D:9      | Slain by a queen bee

Vault maps used:
D:1:      denvon_arrival_waterhouse
D:2:      grunt_temple_overflow_open, first_ration, kennysheep_nondescript,
          grunt_ministairs_6, minmay_close_crescents, uniq_terence, uniq_robin
D:3:      st_stairs_1, uniq_jessica, uniq_natasha
D:4:      cheibrodos_ashenzari_chains, cheibrodos_sewer_entry_bend
D:5:      serial_shops, shop, uniq_ijyb, uniq_menkaure
D:6:      kennysheep_mini, minmay_temple_entry_water_ring,
          uniq_crazy_yiuf_cottage
D:7:      nicolae_ru_sacrificial_ziggurat, uniq_duvessa
D:8:      minmay_separated_statues, nicolae_overflow_crystal_walls,
          lemuel_doored_altar, serial_shops, kennysheep_mini_moat, serial_glass,
          glass_columns_c, glass_columns_a, feat_on_display, feat_on_display,
          due_unseen_surprise, uniq_grum
D:9:      david_nohive_1, water_boxes_lemuel
Temple:   regret_index_temple_generic_petals

Skill      XL: |  1  2  3  4  5  6  7  8  9 |
---------------+----------------------------+-----
Fighting       | 1 2 3 4 |  4.0
Armour         | 1 2 3 4 5 7 |  7.3
Maces & Flails | 1 2 4 5 8 10 | 10.1
Stealth        | |  1.7
Conjurations   | |  2.0
Hexes          | |  1.0
Charms         | |  2.6
Transmutations | |  1.7

Action                   |  1- 3 |  4- 6 |  7- 9 || total
-------------------------+-------+-------+-------++-------
Melee: Dagger            |   236 |   129 |       ||   365
       Flail             |       |   219 |   663 ||   882
       Kick              |       |       |   119 ||   119
 Fire: Blowgun           |       |     2 |       ||     2
Throw: Tomahawk          |    12 |    15 |    29 ||    56
       Javelin           |       |       |     3 ||     3
       Throwing net      |       |       |     1 ||     1
Evoke: Wand              |       |       |     5 ||     5
  Use: Scroll            |     6 |     6 |    11 ||    23
       Potion            |     1 |       |     6 ||     7
 Stab: Sleeping          |     3 |       |       ||     3
  Eat: Chunk             |     5 |    13 |    17 ||    35
       Ration            |       |       |     1 ||     1
Armor: Robe              |    62 |       |       ||    62
       Skin              |    27 |       |     5 ||    32
       Scale mail        |    12 |   215 |    10 ||   237
       Plate armour      |       |       |   602 ||   602
Dodge: Dodged            |   107 |   170 |   132 ||   409
Block: Other             |       |       |     6 ||     6

Table legend:
 A = Spawn XP
 B = Non-spawn XP
 C = Spawn XP percentage of total XP
 D = Spawn monster count
 E = Non-spawn monster count
 F = Spawn count percentage of total count
 G = Total turns spent on level
                    A         B        C        D         E        F      G
               +---------+---------+-------+---------+---------+-------+---------
         Total |       0 |    5487 |   0.0 |       0 |     182 |   0.0 | 12998
               +---------+---------+-------+---------+---------+-------+---------
           D:1 |       0 |      59 |   0.0 |       0 |      21 |   0.0 |  2201
           D:2 |       0 |     155 |   0.0 |       0 |      36 |   0.0 |  1620
           D:3 |       0 |     401 |   0.0 |       0 |      15 |   0.0 |  1655
           D:4 |       0 |     191 |   0.0 |       0 |      16 |   0.0 |   840
           D:5 |       0 |     836 |   0.0 |       0 |      24 |   0.0 |  1396
           D:6 |       0 |     363 |   0.0 |       0 |      15 |   0.0 |  1706
           D:7 |       0 |    1730 |   0.0 |       0 |      29 |   0.0 |  1864
           D:8 |       0 |    1204 |   0.0 |       0 |      15 |   0.0 |   914
           D:9 |       0 |     548 |   0.0 |       0 |      11 |   0.0 |   553
               +---------+---------+-------+---------+---------+-------+---------

Table legend:
 A = Turns spent in this place as a percentage of turns spent in the entire game.
 B = Non-inter-level travel turns spent in this place as a percentage of non-inter-level travel turns spent in the entire game.
 C = Inter-level travel turns spent in this place as a percentage of turns spent in this place.
 D = Turns resting spent in this place as a percentage of non-inter-level travel turns spent in this place.
 E = Turns spent auto-exploring this place as a percentage of non-inter-level travel turns spent in this place.
 F = Non-inter-level travel turns spent in this place divided by the number of levels of this place that you've seen.
                   A       B       C       D       E      F
               +-------+-------+-------+-------+-------+----------------------
         Total | 100.0 | 100.0 |   3.7 |  39.7 |  31.3 | 1252.3
       Dungeon |  98.1 |  98.4 |   3.3 |  40.3 |  30.4 | 1369.4
        Temple |   1.9 |   1.6 |  20.5 |   0.0 |  88.4 | 198.0
               +-------+-------+-------+-------+-------+----------------------

Vault maps used:
D:1:      denvon_arrival_waterhouse
D:2:      grunt_temple_overflow_open, first_ration, kennysheep_nondescript,
          grunt_ministairs_6, minmay_close_crescents, uniq_terence, uniq_robin
D:3:      st_stairs_1, uniq_jessica, uniq_natasha
D:4:      cheibrodos_ashenzari_chains, cheibrodos_sewer_entry_bend
D:5:      serial_shops, shop, uniq_ijyb, uniq_menkaure
D:6:      kennysheep_mini, minmay_temple_entry_water_ring,
          uniq_crazy_yiuf_cottage
D:7:      nicolae_ru_sacrificial_ziggurat, uniq_duvessa
D:8:      minmay_separated_statues, nicolae_overflow_crystal_walls,
          lemuel_doored_altar, serial_shops, kennysheep_mini_moat, serial_glass,
          glass_columns_c, glass_columns_a, feat_on_display, feat_on_display,
          due_unseen_surprise, uniq_grum
D:9:      david_nohive_1, water_boxes_lemuel
Temple:   regret_index_temple_generic_petals
